 Dungeon Crawl Stone Soup version 0.31-a0-963-ga325b2283a (webtiles) character file.

Game seed: 16654032116578743269

44 Maxmaps the Sneak (level 3, -1/23 HPs)
             Began as an Octopode Shapeshifter on Oct 24, 2023.
             Slain by a gnoll
             ... wielding a +0 flail
              (10 damage)
             ... on level 2 of the Dungeon.
             The game lasted 00:00:51 (1096 turns).

Maxmaps the Sneak (Octopode Shapeshifter)           Turns: 1096, Time: 00:00:52

Health: -1/23      AC:  1    Str: 13    XL:     3   Next: 60%
Magic:  3/3        EV: 13    Int: 14    God:
Gold:   39         SH:  0    Dex: 11    Spells: 2/2 levels left

rFire   . .          .
                       - Unarmed
rCold   . . .        (no shield)
rNeg    + . .        (helmet currently unavailable)
rPois   .            (no amulet)
rElec   .            e - ring of positive energy
rCorr   .            (no ring)
SInv    .            (no ring)
Will    .....        (no ring)
Stlth   ++++         (no ring)
HPRegen 0.23/turn    (no ring)
MPRegen 0.08/turn    (no ring)
                     (no ring)

%: no passive effects
@: beast-form
A: beast (slay +1), almost no armour, amphibious, 8 rings, camouflage 1,
gelatinous body 1, (nimble swimmer 1), tentacles
a: Begin Untransformation


You were on level 2 of the Dungeon.
You were a hulking beast.
You visited 1 branch of the dungeon, and saw 2 of its levels.

You collected 39 gold pieces.

Inventory:

Jewellery
 e - a ring of positive energy (left tentacle)
 f - a ring of poison resistance
Talismans
 b - a beast talisman
 c - a flux talisman
Scrolls
 i - a scroll of brand weapon {unknown}
 j - a scroll of noise {unknown}
 k - a scroll of identify {unknown}
 l - a scroll of enchant armour {unknown}
 m - 2 scrolls of fear {unknown}
Potions
 a - a potion of lignification
 d - a potion of haste {unknown}
 g - a potion of magic {unknown}
 h - a potion of degeneration {unknown}


   Skills:
 - Level 1.0 Fighting
 - Level 2.0 Dodging
 + Level 4.6 Stealth
 - Level 3.0 Unarmed Combat
 - Level 3.0 Shapeshifting


You had 2 spell levels left.
You didn't know any spells.
Your spell library was empty.

Dungeon Overview and Level Annotations

Branches:
Dungeon (2/15)

Altars:

Shops:
D:1 *


Innate Abilities, Weirdness & Mutations

You are a hulking beast.
Your limbs bulge with bestial killing power. (Slay +1)
You cannot wear most types of armour.
You are amphibious.
You can wear up to eight rings at the same time.
Your skin changes colour to match your surroundings (Stealth+).
Your rubbery body absorbs attacks. (AC +1, EV +1)
((You are camouflaged when in or above water. (Stealth+)))
You have tentacles for arms and can constrict up to eight enemies at once.


Message History

Things that are here:
a +0 short sword; 2 stones; a kobold corpse A kobold comes into view.
It is wielding a +0 club.
A kobold is nearby!
A kobold is nearby!
You closely miss the kobold.
The kobold shouts!
You grab the kobold. You squeeze the kobold.
You kill the kobold!
No target in view!
No target in view!
Things that are here:
a +0 club; a kobold corpse You open the door. 2 gnolls come into view.
There are monsters nearby!
A gnoll comes into view. It is wielding a +0 whip.
The gnoll shouts! x2
There is an open door here.
There are monsters nearby!
There are monsters nearby!
The gnoll misses you. The gnoll attacks as it pursues you!
The gnoll closely misses you. The gnoll attacks as it pursues you!
The gnoll barely misses you.
There is an open door here.
The gnoll shouts!
You tentacle-slap the gnoll. Your grab misses the gnoll.
The gnoll is moderately wounded.
The gnoll hits you with a +0 club.
You tentacle-slap the gnoll but do no damage.
You grab the gnoll. You squeeze the gnoll!
You kill the gnoll!
You barely miss the gnoll. Your grab misses the gnoll. You squeeze the gnoll.
The gnoll is lightly wounded.
The gnoll hits you with a +0 flail!
You tentacle-slap the gnoll. You grab the gnoll.
The gnoll is heavily wounded.
You constrict the gnoll, but do no damage.
The gnoll hits you with a +0 flail!
You die...

########## #........# ###
####### #........# ..#
#.....# #........# ..#
#.....# #........# #.###
#.....# #........#
....########...###........#
................hgg........
....########...###........#
....# #...# ##########
....# #...# ....# #...#
....# #...# ....# #####
#####


You could see 2 gnolls.

Vanquished Creatures
  A gnoll (D:2)
  4 endoplasms (D:1)
  2 giant cockroaches (D:1)
  3 goblins (D:1)
  3 hobgoblins (D:1)
  7 kobolds
  A quokka (D:1)
  3 ball pythons (D:1)
  3 bats (D:1)
  A frilled lizard (D:1)
  4 rats (D:1)
32 creatures vanquished.

Notes
Turn   | Place    | Note
-------+----------+-------------------------------------------
     0 | D:1      | Maxmaps the Octopode Shapeshifter began the quest for the
                  | Orb.
     0 | D:1      | Reached XP level 1. HP: 13/13 MP: 1/1
    46 | D:1      | Reached skill level 1 in Stealth
    90 | D:1      | Reached skill level 2 in Stealth
   113 | D:1      | Reached XP level 2. HP: 18/18 MP: 2/2
   205 | D:1      | Reached skill level 3 in Stealth
   307 | D:1      | Found Oxeluace's Assorted Antiques.
   364 | D:1      | Reached XP level 3. HP: 23/23 MP: 3/3
   535 | D:1      | Reached skill level 4 in Stealth
  1096 | D:2      | Slain by a gnoll

Illustrated notes

Levels and vault maps discovered:
D:1:      erik_arrival_cave_to_civilisation [erik_arrival_cave_to_hall],
          layout_basic, serial_shops, shop
D:2:      layout_basic, dreamdust_ecumenical_altar_drowned_temple, st_stairs_6

Skill      XL: |  1  2  3 |
---------------+----------+-----
Stealth        | 2 3 4 |  4.6
Fighting       | |  1.0
Dodging        | |  2.0
Unarmed Combat | |  3.0
Shapeshifting  | |  3.0

Action                     || total
---------------------------++-------
  Melee: Unarmed           ||    52
         Constrict         ||    12
         Tentacles         ||     9
         Punch             ||     3
   Stab: Sleeping          ||    10
 Armour: Skin              ||    12
  Dodge: Dodged            ||    19

Table legend: (Time is in decaauts)
 A = Elapsed time spent in this place.
 B = Non-inter-level travel time spent in this place.
 C = Inter-level travel time spent in this place.
 D = Time resting spent in this place.
 E = Time spent auto-exploring this place.
 F = Levels seen in this place.
 G = Mean time per level.
                   A        B        C        D        E       F      G
               +--------+--------+--------+--------+--------+-----+--------+
         Total |   1092 |   1040 |     52 |      0 |    836 |   2 |  546.0 |
       Dungeon |   1092 |   1040 |     52 |      0 |    836 |   2 |  546.0 |
               +--------+--------+--------+--------+--------+-----+--------+

Top non-repeatable levels by time:
     D:1: 877 daAuts
     D:2: 215 daAuts
